[Event "Early-Titled-Tuesday-Blitz-February-06-2024"]
[Site "Chess.com"]
[Date "2024.02.06"]
[Round "2"]
[White "KChor05"]
[Black "yosephtaher"]
[Result "0-1"]
[WhiteElo "2600"]
[BlackElo "2887"]
[TimeControl "180+1"]
[EndTime "8:16:20 PST"]
[Termination "yosephtaher won by resignation"]

1. e4 c5 2. Nf3 g6 3. d4 cxd4 4. Nxd4 Bg7 5. Nc3 Nc6 6. Be3 Nf6 7. Bc4 O-O 8. Bb3 d6 9. f3 Bd7 10. Qd2 Nxd4 11. Bxd4 b5 12. h4 a5 13. a4 bxa4 14. Nxa4 Rb8 15. h5 Be6 16. hxg6 hxg6 17. Bxe6 fxe6 18. Qg5 Kf7 19. O-O-O Qc7 20. e5 Rfc8 21.
Nc3 dxe5 22. Bxe5 Qc5 23. Bxf6 Bxf6 24. Rh7+ Bg7 25. Qxc5 Rxc5 26. Ne4 Rd5 27. b3 Rbd8 28. Ng5+ Kf6 29. Ne4+ Kf7 30. Rhh1 Rxd1+ 31. Rxd1 Bb2+ 32. Kxb2 Rxd1 33. Kc3 e5 34. Kc4 Rg1 35. g4 Rf1 36. Kb5 Kg7 37. Kxa5 Rxf3 38. b4 Re3 39. Nc5 e4 40. b5 Re1 41. b6 e3 42. b7 e2 43.
Nd3 Rb1 44. Ka6 e5 45. Ka7 e4 46. Ne1 Rxe1 0-1

[Event "Early-Titled-Tuesday-Blitz-February-06-2024"]
[Site "Chess.com"]
[Date "2024.02.06"]
[Round "2"]
[White "ukchessbomber"]
[Black "Arimin1329"]
[Result "0-1"]
[WhiteElo "2647"]
[BlackElo "2423"]
[TimeControl "180+1"]
[EndTime "8:16:20 PST"]
[Termination "Arimin1329 won by resignation"]

1. b3 d5 2. Bb2 Bf5 3. Nf3 e6 4. e3 Nf6 5. Bd3 Bxd3 6. cxd3 Bd6 7. O-O Nbd7 8. Nc3 c6 9. Qe2 e5 10. Nh4 g6 11. d4 exd4 12. exd4+ Kf8 13. f4 Qe7 14. Qf2 Kg7 15. Rae1 Qd8 16. Re5 Re8 17. Qg3 Kh8 18. Rfe1 Nxe5 19. dxe5 Nh5 20. Qf2 Be7 21. Nf3 Nxf4 22. e6 f6 23. Qd4 Qd6 24. Ng5 Qc5 25. Nf7+ Kg7 26. Na4 Qxd4+ 27. Bxd4 Nxe6 28. Nh6 Nxd4 0-1

[Event "Early-Titled-Tuesday-Blitz-February-06-2024"]
[Site "Chess.com"]
[Date "2024.02.06"]
[Round "2"]
[White "CristianS27"]
[Black "GelmanAlexander"]
[Result "1-0"]
[WhiteElo "2576"]
[BlackElo "2782"]
[TimeControl "180+1"]
[EndTime "8:16:21 PST"]
[Termination "CristianS27 won by resignation"]

1. e4 c5 2. Nf3 e6 3. d4 cxd4 4. Nxd4 a6 5. Be2 d6 6. O-O Nf6 7. Nc3 Nbd7 8. a4 b6 9. f4 Bb7 10. Bf3 Qc7 11. Qe2 Be7 12. Bd2 O-O 13. Rae1 Rac8 14. Kh1 Qc4 15. Qf2 Ba8 16. Be2 Qc5 17. Bxa6 Rcd8 18. Bd3 g6 19. Ndb5 d5 20. e5 Ne4 21. Qxc5 Ndxc5 22. Bxe4 Nxe4 23. Nxe4 dxe4 24. Be3 Bc6 25. Rd1 Ra8 26. b3 Bxb5 27. axb5 Ra2 28. Bxb6 Rxc2 29. Ba7 Rb2 30. Rb1 Rxb1 31. Rxb1 Ra8 32.
b6 Bc5 33. b7 1-0

[Event "Early-Titled-Tuesday-Blitz-February-06-2024"]
[Site "Chess.com"]
[Date "2024.02.06"]
[Round "2"]
[White "bteillet"]
[Black "Raud100"]
[Result "0-1"]
[WhiteElo "2150"]
[BlackElo "2439"]
[TimeControl "180+1"]
[EndTime "8:16:21 PST"]
[Termination "Raud100 won by checkmate"]

1. b4 e5 2. Bb2 d6 3. c4 f5 4.
e3 Nf6 5. Nf3 Be7 6. Be2 O-O 7.
O-O b6 8. d3 a5 9. b5 Bb7 10. a4 Nbd7 11. Nbd2 Nc5 12. Qc2 e4 13. dxe4 fxe4 14. Ng5 h6 15. Nh3 g5 16. Rad1 Bc8 17.
Nb3 Nxa4 18. Nd4 Nxb2 19. Nc6 Qe8 20. Qxb2 Bd7 21. Nxe7+ Qxe7 22. Kh1 Bxh3 23. gxh3 Rae8 24. Rg1 Kh7 25. Rg3 Qe5 26. Qc2 Nd7 27. Rdg1 Rxf2 28. Qd1 Qb2 29. R1g2 Ref8 30. Rxf2 Rxf2 31. Rg2 Rxg2 32.
Kxg2 Ne5 33. Kg3 a4 34. Bh5 Qb3 35. Qd2 Qxc4 36. Qf2 Kg7 37. h4 Qe6 38. hxg5 hxg5 39. h3 a3 40. Qf1 a2 41. Qa1 Kh6 42. Be2 Qb3 43. Kf2 Qb1 44. Qd4 a1=Q 45. Qd5 Qg1# 0-1

[Event "Early-Titled-Tuesday-Blitz-February-06-2024"]
[Site "Chess.com"]
[Date "2024.02.06"]
[Round "2"]
[White "Gabrielian_Artur"]
[Black "semchik73"]
[Result "1-0"]
[WhiteElo "2766"]
[BlackElo "2386"]
[TimeControl "180+1"]
[EndTime "8:16:22 PST"]
[Termination "Gabrielian_Artur won by resignation"]

1. e4 Nf6 2. e5 Nd5 3. d4 d6 4. Nf3 Bg4 5. Be2 c6 6. Ng5 Bxe2 7. Qxe2 dxe5 8. dxe5 e6 9. O-O Be7 10. Ne4 O-O 11. c4 Nb4 12. Rd1 Qc7 13. a3 N4a6 14. Bf4 Nd7 15. Qh5 g6 16. Qh6 Nxe5 17. Nbc3 Ng4 18. Qxf8+ Rxf8 19. Bxc7 Nxc7 20. Rd7 Bd8 21. Rad1 f5 22. Ng3 f4 23. Nge4 Nd5 24. cxd5 exd5 25. Nc5 Bb6 26. b4 a5 27. Rxb7 axb4 28. axb4 Bxc5 29.
bxc5 f3 30. h3 Ne5 31. Re1 Nd3 32. Ree7 Ra8 33. Rg7+ Kf8 34. Rbf7+ Ke8 35. Rxf3 Nxc5 36. Rg8+ 1-0

[Event "Early-Titled-Tuesday-Blitz-February-06-2024"]
[Site "Chess.com"]
[Date "2024.02.06"]
[Round "2"]
[White "RantomOpening"]
[Black "Sokoloco"]
[Result "0-1"]
[WhiteElo "2560"]
[BlackElo "2790"]
[TimeControl "180+1"]
[EndTime "8:16:24 PST"]
[Termination "Sokoloco won by resignation"]

1. c4 d6 2. Nf3 e5 3. Nc3 Nc6 4.
d4 exd4 5. Nxd4 g6 6. g3 Bg7 7.
Nxc6 bxc6 8. Bg2 Bd7 9. Qc2 Nf6 10. O-O O-O 11. b3 Re8 12. Bb2 Bf5 13. e4 Nxe4 14. Nxe4 Bxb2 15. Qxb2 Bxe4 16. Rfe1 Bxg2 17. Kxg2 Qg5 18.
Qc3 a5 19. Rxe8+ Rxe8 20. Re1 Rxe1 21. Qxe1 Qe5 22. Qxe5 dxe5 23. Kf3 f5 24. Ke3 Kf7 25. Kd3 Ke6 26. Kc3 c5 27. a3 e4 28. b4 cxb4+ 29.
axb4 axb4+ 30. Kxb4 g5 31. Kc5 Ke5 0-1

[Event "Early-Titled-Tuesday-Blitz-February-06-2024"]
[Site "Chess.com"]
[Date "2024.02.06"]
[Round "2"]
[White "Iana_Shirova"]
[Black "MattyDPerrine"]
[Result "0-1"]
[WhiteElo "2295"]
[BlackElo "2506"]
[TimeControl "180+1"]
[EndTime "8:16:25 PST"]
[Termination "MattyDPerrine won by resignation"]

1. e4 c6 2. d4 d5 3. Nc3 dxe4 4.
Nxe4 Bf5 5. Ng3 Bg6 6. h4 h6 7.
Nf3 e6 8. Ne5 Bh7 9. Bc4 Nd7 10. Qe2 Nxe5 11. dxe5 Ne7 12. Be3 a5 13. Rd1 Qc7 14. Bc5 Nd5 15. a4 Bxc5 16. Qg4 Qxe5+ 17.
Kf1 Qf4 18. Qe2 Ne3+ 19. Ke1 Nxg2+ 20. Kf1 Ne3+ 21. Ke1 Nxc2+ 22. Kf1 Ne3+ 23. Ke1 Bb4+ 24. Rd2 Nxc4 25. Nh5 Bxd2+ 26. Kf1 Qd4 27. Rh3 O-O-O 28.
Rb3 Bd3 29. Kg2 Bxe2 30. Ng3 Qd5+ 31. Kh2 Bf4 0-1

[Event "Early-Titled-Tuesday-Blitz-February-06-2024"]
[Site "Chess.com"]
[Date "2024.02.06"]
[Round "2"]
[White "Asteroxylon"]
[Black "bescmelasti"]
[Result "0-1"]
[WhiteElo "2352"]
[BlackElo "2687"]
[TimeControl "180+1"]
[EndTime "8:16:26 PST"]
[Termination "bescmelasti won by checkmate"]

1. e4 c5 2. Nc3 e6 3. Nf3 Nc6 4. d4 cxd4 5. Nxd4 Nf6 6. Ndb5 Bc5 7. Nd6+ Ke7 8. Bf4 e5 9. Nxc8+ Rxc8 10. Bg5 Bb4 11. Bd3 Bxc3+ 12. bxc3 Qc7 13. O-O Nd8 14. Bd2 Ne6 15. Rb1 b6 16. g3 g5 17. Qc1 h5 18. Bxg5 Nxg5 19. Qxg5 h4 20. f4 Rcg8 21.
Qxe5+ Qxe5 22. fxe5 Ng4 23. Rfe1 Nxe5 24. Kg2 Rh6 25. Rb5 d6 26. a4 hxg3 27. hxg3 Rgh8 28.
Rg1 Rh2+ 29. Kf1 Rd2 30. Ke1 Nf3+ 31. Kf1 Rhh2 32. a5 Rhf2# 0-1

[Event "Early-Titled-Tuesday-Blitz-February-06-2024"]
[Site "Chess.com"]
[Date "2024.02.06"]
[Round "2"]
[White "Saraisitave"]
[Black "Predo63"]
[Result "0-1"]
[WhiteElo "2290"]
[BlackElo "2504"]
[TimeControl "180+1"]
[EndTime "8:16:26 PST"]
[Termination "Predo63 won by resignation"]

1. e4 c6 2. d4 d5 3. Nc3 dxe4 4. Nxe4 Bf5 5. Ng3 Bg6 6. h4 h6 7. h5 Bh7 8. Nf3 Nd7 9. Bd3 Bxd3 10. Qxd3 Ngf6 11. Bf4 Qa5+ 12. Bd2 Qb5 13. Qxb5 cxb5 14. O-O-O e6 15. Ne5 Rd8 16. f4 Be7 17. a3 O-O 18.
Bb4 Bxb4 19. axb4 Nd5 20. Rh4 Nxb4 21. Nf3 Nd5 22. f5 Ne3 23. Rg1 Nxf5 24. Nxf5 exf5 25. g4 Nf6 26. gxf5 Kh7 27. c3 Rfe8 28. Ne5 Re7 29. Ng4 Ne4 30. Ne5 Ng5 31. Rhg4 f6 32. Ng6 Re2 33. Nf4 Rf2 34. Ne6 Re8 35.
d5 Rxf5 36. Nxg5+ hxg5 37. d6 Rd8 38. Rd1 Re5 39. Rgd4 Rd7 40. Kc2 Kh6 41. Kb3 Kxh5 42. Rh1+ Kg6 43. Rh8 Re6 0-1

[Event "Early-Titled-Tuesday-Blitz-February-06-2024"]
[Site "Chess.com"]
[Date "2024.02.06"]
[Round "2"]
[White "eCztery"]
[Black "TV27"]
[Result "0-1"]
[WhiteElo "2417"]
[BlackElo "2146"]
[TimeControl "180+1"]
[EndTime "8:16:26 PST"]
[Termination "TV27 won by checkmate"]

1. c4 f5 2. e4 fxe4 3. d3 Nc6 4.
dxe4 e5 5. Nf3 Nf6 6. Nc3 Bc5 7. Bg5 d6 8. Be2 O-O 9. O-O h6 10. Bh4 g5 11. Nxg5 hxg5 12. Bxg5 Qd7 13. Bxf6 Rxf6 14. Nd5 Rh6 15. h3 Qg7 16. Kh2 Nd4 17. Bh5 Qg5 18. f4 exf4 19. b4 f3 20. Bxf3 Qe5+ 21. Kh1 Bxh3 22. bxc5 Bxg2+ 23. Kg1 Qh2+ 24. Kf2 Bxf3+ 25. Ke3 Bxd1 26. Raxd1 Rh3+ 27. Kxd4 Qb2+ 28. Nc3 Qxc3+ 29. Kd5 Qe5# 0-1

[Event "Early-Titled-Tuesday-Blitz-February-06-2024"]
[Site "Chess.com"]
[Date "2024.02.06"]
[Round "2"]
[White "Seochesspie"]
[Black "Pelopidass"]
[Result "1-0"]
[WhiteElo "2809"]
[BlackElo "2563"]
[TimeControl "180+1"]
[EndTime "8:16:27 PST"]
[Termination "Seochesspie won by resignation"]

1. d4 Nf6 2. Bg5 e6 3. Nd2 h6 4. Bh4 c5 5. e3 b6 6. c3 Bb7 7. Ngf3 Be7 8. Bd3 d6 9. O-O Nbd7 10. Re1 O-O 11. Rc1 a6 12. a4 Re8 13. e4 Nh5 14. Bxe7 Qxe7 15. g3 e5 16. d5 g6 17.
b4 a5 18. bxa5 bxa5 19. Rb1 Reb8 20. Bb5 Nb6 21. Qc2 Qc7 22. Rb2 Bc8 23. Reb1 Bd7 24.
Bxd7 Nxd7 25. Nc4 Nhf6 26. Nfd2 Rxb2 27. Rxb2 Ne8 28. Rb5 Qd8 29. Qb1 Nc7 30. Rb7 Ra6 31. Nb3 Qc8 32. Nbxa5 Kg7 33. Kg2 Nf6 34. f3 h5 35. Rb6 Rxb6 36. Qxb6 Qa6 37. Qxa6 Nxa6 1-0

[Event "Early-Titled-Tuesday-Blitz-February-06-2024"]
[Site "Chess.com"]
[Date "2024.02.06"]
[Round "2"]
[White "jcibarra"]
[Black "PedroGil25"]
[Result "1-0"]
[WhiteElo "2869"]
[BlackElo "2392"]
[TimeControl "180+1"]
[EndTime "8:16:27 PST"]
[Termination "jcibarra won by resignation"]

1. e4 c5 2. Nf3 e6 3. d4 cxd4 4. Nxd4 a6 5. c4 Qc7 6. a3 Nf6 7. Nc3 Be7 8. Be3 O-O 9. Be2 b6 10. O-O Bb7 11. f3 d6 12. Rc1 Nbd7 13. b4 Rad8 14. Qd2 Qb8 15. Rc2 Rfe8 16. Rb1 d5 17.
exd5 exd5 18. Nf5 dxc4 19. Bf4 Ne5 20. Qe3 Bd6 21. Qxb6 Bc7 22. Qf2 Nd3 23. Bxc7 Qxc7 24. Qg3 Qb6+ 25. Kf1 g6 26. Rd1 Nh5 27. Qh4 gxf5 28.
Na4 Qg6 29. Rxc4 Ndf4 30. Rxf4 Nxf4 31. Qxf4 Rxe2 32. Rxd8+ Kg7 33. Qd4+ Kh6 1-0

[Event "Early-Titled-Tuesday-Blitz-February-06-2024"]
[Site "Chess.com"]
[Date "2024.02.06"]
[Round "2"]
[White "Zhalmakhanov_Ramazan"]
[Black "karinachess1"]
[Result "0-1"]
[WhiteElo "2913"]
[BlackElo "2632"]
[TimeControl "180+1"]
[EndTime "8:16:28 PST"]
[Termination "karinachess1 won by resignation"]

1. d4 Nf6 2. Nc3 d5 3. Bf4 g6 4. e3 Bg7 5. h4 h5 6. Nf3 O-O 7. Qd2 c5 8. Ne5 cxd4 9. exd4 Nc6 10. O-O-O Bf5 11. Bb5 Nb4 12. Ba4 Rc8 13. a3 Rxc3 14. axb4 Rc8 15. f3 Qb6 16. g4 hxg4 17. h5 Qa6 18. b3 Rxc2+ 19. Qxc2 Bxc2 20. Kxc2 Nxh5 21. b5 Rc8+ 22. Kb2 Qf6 23. Be3 gxf3 24. Rhf1 Qf5 25. b4 Qe4 26. Rfe1 Bxe5 27. dxe5 Qxb4+ 28. Bb3 Rc3 0-1

[Event "Early-Titled-Tuesday-Blitz-February-06-2024"]
[Site "Chess.com"]
[Date "2024.02.06"]
[Round "2"]
[White "aghasiyevkamal"]
[Black "nikitadovbnya2008"]
[Result "0-1"]
[WhiteElo "2665"]
[BlackElo "2246"]
[TimeControl "180+1"]
[EndTime "8:16:28 PST"]
[Termination "nikitadovbnya2008 won by resignation"]

1. d4 Nf6 2. c4 g6 3. Nc3 d5 4. cxd5 Nxd5 5. e4 Nxc3 6. bxc3 Bg7 7. Nf3 O-O 8. Be3 c5 9. Be2 b6 10. O-O Bb7 11. e5 Nc6 12. Qd2 Rc8 13. Rfd1 cxd4 14. cxd4 e6 15. Bh6 Ne7 16. Bxg7 Kxg7 17. a4 a5 18.
Rab1 Nd5 19. h4 Nc3 20. h5 gxh5 21. Rbc1 Nxd1 22. Rxd1 h6 23. Qf4 Rg8 24. Bd3 Bxf3 25. Qxf3 Qg5 26. g3 h4 27. Kg2 hxg3 28. fxg3 Rc3 29.
Rf1 Qd2+ 30. Rf2 Qxd3 31. Qf4 Kh7 0-1

[Event "Early-Titled-Tuesday-Blitz-February-06-2024"]
[Site "Chess.com"]
[Date "2024.02.06"]
[Round "2"]
[White "yobdc"]
[Black "Gravity_Chess"]
[Result "0-1"]
[WhiteElo "2583"]
[BlackElo "2852"]
[TimeControl "180+1"]
[EndTime "8:16:29 PST"]
[Termination "Gravity_Chess won by resignation"]

1. c4 g6 2. d4 Bg7 3. e4 d6 4. Nc3 c5 5. d5 a6 6. a4 Nf6 7.
Nf3 O-O 8. Be2 Bg4 9. Be3 Bxf3 10.
Bxf3 Nbd7 11. Be2 h5 12. O-O Ne5 13. h3 Ned7 14. f4 Nh7 15. Qd2 Kh8 16. g4 hxg4 17.
hxg4 g5 18. fxg5 Ne5 19. Kg2 Qd7 20. Rh1 Kg8 21. Rh4 Ng6 22. Rh5 Rfe8 23. Rah1 Nhf8 24.
e5 e6 25. dxe6 Rxe6 26. Nd5 Rxe5 27. Bf3 Rae8 28. Bf4 Re4 29. Kg3 Rd4 30. Qh2 Rxf4 31.
Nf6+ Rxf6 32. gxf6 Bxf6 33. Rf5 Be5+ 34. Rxe5 Rxe5 35.
Bd5 Rxd5 36. cxd5 Qe7 37. Qf2 Qe5+ 38. Kg2 Qxd5+ 39. Qf3 Qd2+ 40. Kg3 Qxb2 41. Rf1 Qe5+ 42. Kg2 Nh4+ 43. Kh3 Nxf3 44. Rxf3 c4 0-1

[Event "Early-Titled-Tuesday-Blitz-February-06-2024"]
[Site "Chess.com"]
[Date "2024.02.06"]
[Round "2"]
[White "Sanyura"]
[Black "Hikaru"]
[Result "0-1"]
[WhiteElo "2673"]
[BlackElo "3309"]
[TimeControl "180+1"]
[EndTime "8:16:30 PST"]
[Termination "Hikaru won by resignation"]

1. e4 g6 2. d4 c6 3. Nf3 d5 4. e5 Bg4 5. Nc3 Nd7 6. h3 Bxf3 7. Qxf3 e6 8. h4 c5 9. Be3 cxd4 10.
Bxd4 Ne7 11. h5 Nc6 12. O-O-O Nxd4 13. Rxd4 Qg5+ 14. Kb1 Qxe5 15. Rf4 g5 16. Rg4 a6 17. Bd3 h6 18. Qd1 O-O-O 19. Re1 Qc7 20. Ra4 Nc5 21.
Rg4 Bg7 22. Na4 Kb8 23. Nxc5 Qxc5 24. c3 Rd6 25. Rb4 Rb6 26. a3 a5 27. Rxb6 Qxb6 28. Ka2 Rc8 29. Qf3 Rc7 30. Bc2 d4 31. Rd1 dxc3 32.
Rd8+ Ka7 33. b3 Rc4 34. Qg3 Qxd8 35. bxc4 Qb6 36. Bb3 a4 0-1

[Event "Early-Titled-Tuesday-Blitz-February-06-2024"]
[Site "Chess.com"]
[Date "2024.02.06"]
[Round "2"]
[White "xberli"]
[Black "Shivananda1964"]
[Result "1-0"]
[WhiteElo "2537"]
[BlackElo "2348"]
[TimeControl "180+1"]
[EndTime "8:16:30 PST"]
[Termination "xberli won on time"]

1. d4 Nf6 2. c4 Nc6 3. d5 Ne5 4. b3 e6 5. dxe6 Bb4+ 6. Bd2 Qe7 7. Bxb4 Qxb4+ 8. Qd2 Qxd2+ 9. Nxd2 fxe6 10. g3 O-O 11. Bg2 d5 12. cxd5 exd5 13. Ngf3 Nxf3+ 14. Nxf3 Re8 15. e3 a5 16. O-O a4 17. b4 a3 18.
Rac1 c6 19. Nd4 Bd7 20. Rfd1 Ra4 21. b5 cxb5 22. Rc7 Rb4 23. Rxb7 Rb2 24. Rc1 Rxa2 25.
Rxd7 Rb2 26. Ra7 b4 27. Ra1 Ne4 28. Bxe4 dxe4 29. Nf5 g6 30. Nh6+ Kh8 31. Ng4 a2 32. Nf6 Rb1+ 33. Kg2 1-0

[Event "Early-Titled-Tuesday-Blitz-February-06-2024"]
[Site "Chess.com"]
[Date "2024.02.06"]
[Round "2"]
[White "SharapovEvgeny"]
[Black "blitzking1729"]
[Result "1/2-1/2"]
[WhiteElo "2538"]
[BlackElo "2732"]
[TimeControl "180+1"]
[EndTime "8:16:31 PST"]
[Termination "Game drawn by repetition"]

1. e4 d6 2. d4 Nf6 3. Nc3 e5 4. Nf3 Nbd7 5. Bc4 Be7 6. O-O O-O 7. Re1 c6 8. a4 h6 9. h3 Re8 10. b3 Bf8 11. Bb2 exd4 12. Qxd4 Qb6 13. Qxb6 Nxb6 14. Bf1 d5 15. exd5 Rxe1 16. Rxe1 Nbxd5 17. Nxd5 Nxd5 18. Re8 Nc7 19. Rd8 Ne6 20. Re8 Nc7 21. Rd8 Bf5 22. Rxa8 Nxa8 23. Bd3 Bxd3 24. cxd3 Nc7 25. Kf1 f6 26.
Ke2 Ne6 27. Nd4 Nf4+ 28. Ke3 Nxg2+ 29. Kf3 Nh4+ 30. Kg4 Ng6 31. Ne6 Be7 32. f4 Kf7 33. f5 Nf8 34. Nxf8 Bxf8 35. Kh5 Bb4 36. Bd4 a6 37. Be3 b5 38. Bf4 Be1 39. Bd6 Bd2 40. Bc5 Bf4 41. Bb4 Be3 42. Bd6 Bd4 43. Bb4 c5 44.
Bd2 Be5 45. Be3 Bd6 46. axb5 axb5 47. Bf2 Bf8 48. Be3 Be7 49. Bf2 Bd6 50. Be3 Bf8 51.
Bf2 Be7 52. Be3 Bd6 53. Bf2 Bf8 54. Be3 Be7 55. Bf2 Bf8 1/2-1/2

[Event "Early-Titled-Tuesday-Blitz-February-06-2024"]
[Site "Chess.com"]
[Date "2024.02.06"]
[Round "2"]
[White "traviscottofficial"]
[Black "EvgenyBurmakin"]
[Result "1-0"]
[WhiteElo "2706"]
[BlackElo "2438"]
[TimeControl "180+1"]
[EndTime "8:16:31 PST"]
[Termination "traviscottofficial won by resignation"]

1. Nf3 Nf6 2. g3 g6 3. Bg2 Bg7 4. O-O O-O 5. c4 d6 6. Nc3 e5 7.
b3 Nc6 8. Bb2 h6 9. e3 Bf5 10. d4 exd4 11. Nxd4 Nxd4 12. exd4 c6 13. d5 c5 14. Qd2 Re8 15. Rfe1 Qd7 16. f3 a6 17. g4 Nxg4 18. fxg4 Bxg4 19. Ne4 Re5 20.
Nf2 Rae8 21. Rxe5 Bxe5 22. Bxe5 Rxe5 23. Re1 Rxe1+ 24. Qxe1 Bf5 25. Qe3 Kg7 26. Be4 Bg4 27. Qf4 Be2 28. Bg2 Qe7 29. Ne4 b5 30. Qxd6 Qh4 31. Qe5+ Kf8 32. Qg3 Qh5 33. d6 bxc4 34.
d7 Ke7 35. Qc7 1-0

[Event "Early-Titled-Tuesday-Blitz-February-06-2024"]
[Site "Chess.com"]
[Date "2024.02.06"]
[Round "2"]
[White "AA95"]
[Black "LaPiToB"]
[Result "1-0"]
[WhiteElo "2504"]
[BlackElo "2299"]
[TimeControl "180+1"]
[EndTime "8:16:32 PST"]
[Termination "AA95 won by resignation"]

1. Nf3 Nf6 2. g3 e6 3. Bg2 d5 4.
O-O c5 5. d4 Nc6 6. c4 dxc4 7.
dxc5 Qxd1 8. Rxd1 Bxc5 9. Nbd2 c3 10. bxc3 O-O 11. c4 Rd8 12. Bb2 Be7 13. Rac1 Bd7 14. c5 Rac8 15. Nb3 Be8 16. e3 Nb4 17. Rxd8 Rxd8 18. Ne5 Nxa2 19. Ra1 Nb4 20. Bxb7 Rb8 21. Rxa7 Nfd5 22. Ba3 f6 23. Nc4 Bc6 24. Nca5 Bxb7 25. Rxb7 Ra8 26. Bxb4 Nxb4 27. Rxe7 1-0

[Event "Early-Titled-Tuesday-Blitz-February-06-2024"]
[Site "Chess.com"]
[Date "2024.02.06"]
[Round "2"]
[White "Ind1anStar"]
[Black "Hovik_Hayrapetyan"]
[Result "0-1"]
[WhiteElo "2604"]
[BlackElo "2894"]
[TimeControl "180+1"]
[EndTime "8:16:34 PST"]
[Termination "Hovik_Hayrapetyan won by checkmate"]

1. d4 Nf6 2. Nf3 d5 3. Bf4 c5 4.
e3 Nc6 5. Nbd2 Bg4 6. c3 e6 7.
h3 Bxf3 8. Nxf3 Bd6 9. Bb5 Bxf4 10. exf4 cxd4 11. Qxd4 O-O 12. Bxc6 bxc6 13. O-O Qb6 14. b4 Rfc8 15. Rab1 c5 16. bxc5 Qxc5 17. Rb7 Ne4 18. Ne5 f6 19. Nd7 Qxc3 20. Qa4 Qc4 21. Qa3 Rc7 22.
Rfb1 Rac8 23. Qe7 Rxb7 24. Qxe6+ Kh8 25. Rxb7 Qc1+ 26. Kh2 Qxf4+ 27. Kg1 Rc1# 0-1

[Event "Early-Titled-Tuesday-Blitz-February-06-2024"]
[Site "Chess.com"]
[Date "2024.02.06"]
[Round "2"]
[White "Aariow"]
[Black "ValiantCeleb"]
[Result "1-0"]
[WhiteElo "2500"]
[BlackElo "2272"]
[TimeControl "180+1"]
[EndTime "8:16:35 PST"]
[Termination "Aariow won on time"]

1. d4 d5 2. c4 e6 3. Nc3 Bb4 4. Nf3 Nf6 5. cxd5 exd5 6. Bg5 h6 7. Bh4 O-O 8. e3 c6 9. Bd3 Nbd7 10. O-O Re8 11.
Qc2 a5 12. a3 Be7 13. Bg3 Nf8 14. Rab1 Nh5 15. Be5 Bg4 16. Nd2 c5 17. Bf5 Bxf5 18.
Qxf5 Nf6 19. dxc5 Qd7 20. Qf3 Rad8 21. b4 axb4 22. axb4 Ne6 23. Nb3 Qc8 24. Rfd1 Nd7 25. Bg3 Nf6 26. Nxd5 Nxd5 27. Rxd5 Ng5 28. Qd1 Rxd5 29.
Qxd5 Rd8 30. Qe5 Bf6 31. Qc7 Qa8 32. Nd4 Qa2 33. Rf1 Qc4 34. b5 1-0

[Event "Early-Titled-Tuesday-Blitz-February-06-2024"]
[Site "Chess.com"]
[Date "2024.02.06"]
[Round "2"]
[White "tusplingher"]
[Black "agvania123"]
[Result "0-1"]
[WhiteElo "2459"]
[BlackElo "2275"]
[TimeControl "180+1"]
[EndTime "8:16:37 PST"]
[Termination "agvania123 won by checkmate"]

1. e4 d5 2. exd5 Qxd5 3. Nc3 Qd8 4. d4 Nf6 5. Nf3 Bg4 6. Be2 e6 7. h3 Bh5 8. Be3 c6 9. O-O Nbd7 10. Qd2 Be7 11. Rad1 O-O 12. Rfe1 Nd5 13. Nxd5 cxd5 14. c3 Bd6 15. Bf4 Bxf4 16. Qxf4 Qb8 17. Qh4 Bg6 18. Bd3 Bxd3 19. Rxd3 b5 20. Ne5 Nxe5 21. Rxe5 b4 22. Rg3 Qd8 23. Reg5 g6 24. Qh6 Qf6 25.
Rh5 Qg7 26. Qxg7+ Kxg7 27. cxb4 Rfb8 28. a3 a5 29. bxa5 Rxb2 30. Re5 Rxa5 31. Ree3 Ra4 32.
Rd3 Rc2 33. Rgf3 Rcc4 34. Rb3 Rxd4 35. Rb7 Rf4 36. Rc3 Rac4 37. Re3 Rc1+ 38. Kh2 Rxf2 39. Kg3 Rcc2 40. Kh4 Rxg2 41. Rb4 Kh6 42. Rg4 g5+ 43. Rxg5 Rxg5 44. Rf3 Rc4+ 45. Rf4 Rxf4# 0-1

[Event "Early-Titled-Tuesday-Blitz-February-06-2024"]
[Site "Chess.com"]
[Date "2024.02.06"]
[Round "2"]
[White "vaniavindy"]
[Black "LiadCuba"]
[Result "0-1"]
[WhiteElo "2170"]
[BlackElo "2447"]
[TimeControl "180+1"]
[EndTime "8:16:39 PST"]
[Termination "LiadCuba won by resignation"]

1. d4 d5 2. c4 e6 3. cxd5 exd5 4. Nc3 Nf6 5. Nf3 c6 6. Bg5 Be7 7. e3 Bf5 8. Qb3 Qb6 9. Qxb6 axb6 10. Ne5 Nbd7 11. Bf4 Nh5 12. Nxd7 Kxd7 13. Bg3 Nxg3 14. hxg3 b5 15. f3 b4 16. Nd1 b3 17. a4 b5 18.
Nc3 Bb4 19. Kd2 Rxa4 20. Bd3 Bxc3+ 21. Kxc3 Bxd3 22. Kxd3 h6 23. Kc3 Rha8 24. Rac1 Rc4+ 25. Kxb3 Raa4 26. Rxc4 dxc4+ 27. Kc3 Kd6 28. e4 f6 29.
Rh5 Ra1 30. f4 Rc1+ 31. Kd2 Rg1 32. Rh2 b4 33. Kc2 c5 34. dxc5+ Kxc5 35. Rh5+ Kd4 36.
Re5 fxe5 0-1

[Event "Early-Titled-Tuesday-Blitz-February-06-2024"]
[Site "Chess.com"]
[Date "2024.02.06"]
[Round "2"]
[White "manitodeplomo"]
[Black "ValentunHulka"]
[Result "0-1"]
[WhiteElo "2570"]
[BlackElo "2824"]
[TimeControl "180+1"]
[EndTime "8:16:40 PST"]
[Termination "ValentunHulka won on time"]

1. d4 d5 2. c4 e6 3. Nf3 Nf6 4. Bg5 dxc4 5. Qa4+ Nbd7 6. Qxc4 a6 7. Nc3 b5 8. Qb3 c5 9. Rd1 c4 10. Qc2 Bb7 11. a3 h6 12. Bxf6 Nxf6 13. e4 Be7 14. g3 Qa5 15. Rd2 b4 16. axb4 Bxb4 17. d5 exd5 18. e5 Ne4 19. Nd4 Nxc3 20. bxc3 Bxc3 21.
Bg2 Bxd4 22. O-O Bc3 23. Re2 O-O 24. e6 fxe6 25. Rxe6 Rae8 26. Qg6 Rxe6 27. Qxe6+ Kh8 28. Rb1 Bc8 29. Qd6 Qd8 30. Qc5 Bf6 31. Rb8 c3 32. Bh3 Bxh3 0-1

[Event "Early-Titled-Tuesday-Blitz-February-06-2024"]
[Site "Chess.com"]
[Date "2024.02.06"]
[Round "2"]
[White "winniethepooh04"]
[Black "Khromkin"]
[Result "1/2-1/2"]
[WhiteElo "2504"]
[BlackElo "2321"]
[TimeControl "180+1"]
[EndTime "8:16:41 PST"]
[Termination "Game drawn by repetition"]

1. d4 d5 2. Nf3 a6 3. a4 Nf6 4. Bf4 Bf5 5. e3 e6 6. Bd3 Bg6 7. O-O c5 8. c3 Nc6 9. Ne5 Bd6 10.
Nxg6 hxg6 11. Bxd6 Qxd6 12. h3 e5 13. dxe5 Nxe5 14. Be2 O-O 15. Nd2 Rfd8 16. Nf3 Ne4 17. Qc2 Nxf3+ 18. Bxf3 f5 19. Rad1 Qc6 20. Rd3 b5 21.
Rfd1 Rd6 22. a5 Rad8 23. b3 Ng5 24. Be2 c4 25. bxc4 dxc4 26. Rd4 Rxd4 27. exd4 Qc7 28. Ra1 Re8 29. h4 Ne4 30. Bf3 Qf4 31. h5 g5 32. Re1 g4 33. Bxe4 Rxe4 34. Rxe4 fxe4 35. Qe2 Qc1+ 36. Kh2 Qxc3 37. Qxe4 Qxa5 38. Qe8+ Kh7 39. Qg6+ Kh8 40. Qe8+ Kh7 41. Qg6+ Kh8 42. Qe8+ Kh7 1/2-1/2

[Event "Early-Titled-Tuesday-Blitz-February-06-2024"]
[Site "Chess.com"]
[Date "2024.02.06"]
[Round "2"]
[White "picturesquecheck"]
[Black "Evgeny81"]
[Result "0-1"]
[WhiteElo "2382"]
[BlackElo "2717"]
[TimeControl "180+1"]
[EndTime "8:16:42 PST"]
[Termination "Evgeny81 won by resignation"]

1. e4 c5 2. Nf3 d6 3. d4 cxd4 4. Nxd4 Nf6 5. Nc3 g6 6. Be3 Bg7 7. f3 Nc6 8. Qd2 h5 9. Bc4 Bd7 10. O-O-O Rc8 11. Bb3 Ne5 12. h3 Nc4 13. Bxc4 Rxc4 14.
g4 O-O 15. b3 Rc8 16. Nd5 Nxd5 17. exd5 h4 18. Kb1 b5 19. Bh6 Qc7 20. Bxg7 Kxg7 21. Rhg1 Qc3 22. Qe2 Rfe8 23. Rd3 Qc5 24. Rf1 a5 25.
Qd2 a4 26. Qg5 axb3 27. cxb3 e5 28. Nc6 Bxc6 29. dxc6 Rxc6 30. Rfd1 Qc2+ 31. Ka1 Ra8 0-1